 Dungeon Crawl Stone Soup version 0.29-a0-378-gc08b2e8bf8 (webtiles) character file.

Game seed: 188296793018401429

276977 HotDog666 the Hoplite (level 20, -2/129 HPs)
             Began as a Gargoyle Fighter on Apr 29, 2022.
             Was an Elder of Qazlal.
             Slain by a large abomination (19 damage)
             ... on level 3 of the Abyss on May 4, 2022.
             The game lasted 01:21:55 (53511 turns).

HotDog666 the Hoplite (Gargoyle Fighter)           Turns: 53511, Time: 01:21:55

Health: -2/129     AC: 49    Str: 27    XL:     20   Next: 38%
Magic:  29/29      EV: 10    Int: 13    God:    Qazlal [****..]
Gold:   1196       SH: 28    Dex:  8    Spells: 19/19 levels left

rFire   . . .      SeeInvis +   G - +5 flail (protect)
rCold   x . .      Faith    .   M - +2 tower shield
rNeg    + . .      Spirit   .   d - +1 plate armour of the Battered Blessings {Regen+ Str+2 Dex-5}
rPois   ∞          Reflect  .   A - +2 helmet {SInv}
rElec   +          Harm     .   p - +2 cloak of Qunaalah {rC- Int+2 Slay+2}
rCorr   .          Rampage  .   O - +2 pair of gloves
Will    +....                   j - +2 pair of boots
Stlth   ..........              Z - amulet of regeneration
HPRegen 0.00/turn               X - +4 ring of protection
MPRegen 0.21/turn               S - +6 ring of dexterity

@: on berserk cooldown, flying, inhibited regen, slowed, studying 2 skills,
repel missiles, very slow
A: sickness immunity, AC +15, big wings, negative energy resistance 1,
electricity resistance, torment resistance 1, petrification resistance,
iridescent scales 1, clumsy 1[+1], [deformed body], [inhibited regeneration]
}: 2/15 runes: serpentine, barnacled
a: Renounce Religion, Upheaval, Elemental Force


You were on level 3 of the Abyss.
You worshipped Qazlal.
Qazlal was greatly pleased with you.
You visited 7 branches of the dungeon, and saw 34 of its levels.
You visited the Abyss 3 times.
You also visited: Ice Cave.

You collected 2921 gold pieces.
You spent 1725 gold pieces at shops.

Inventory:

Hand Weapons
 G - a +5 flail of protection (weapon)
Armour
 b - the +2 buckler "Tufob" {rC++ Str+2}
   (You acquired it on level 11 of the Dungeon)

   Str:       It affects your strength (+2).
   rC:        It greatly protects you from cold.
 d - the +1 plate armour of the Battered Blessings (worn) {Regen+ Str+2 Dex-5}
   (You bought it in a shop on level 2 of the Orcish Mines)

   Str:       It affects your strength (+2).
   Dex:       It affects your dexterity (-5).
   Regen:     It increases your rate of health regeneration.
 f - a +0 cloak
 j - a +2 pair of boots (worn)
 o - a +0 kite shield of reflection
 p - the +2 cloak of Qunaalah (worn) {rC- Int+2 Slay+2}
   (You found it on level 1 of the Lair of Beasts)

   Int:       It affects your intelligence (+2).
   Slay:      It affects your accuracy & damage with ranged weapons and melee
   (+2).
   rC:        It makes you vulnerable to cold.
 A - a +2 helmet of see invisible (worn)
 M - a +2 tower shield (worn)
 O - a +2 pair of gloves (worn)
Jewellery
 h - a +4 ring of evasion
 q - the ring of Vueme {*Corrode rElec rC+ Int+6 Dex+4}
   (You found it on level 1 of the Shoals)

   [ring of intelligence]

   Int:       It affects your intelligence (+6).
   Dex:       It affects your dexterity (+4).
   rC:        It protects you from cold.
   rElec:     It insulates you from electricity.
   *Corrode:  It may corrode you when you take damage.
 t - a +4 ring of evasion
 x - a +6 ring of strength
 B - a +6 ring of strength
 C - an amulet of the acrobat
 S - a +6 ring of dexterity (right hand)
 T - a ring of resist corrosion
 U - a +6 ring of strength
 X - a +4 ring of protection (left hand)
 Z - an amulet of regeneration (around neck)
Wands
 J - a wand of digging (13)
Scrolls
 a - 8 scrolls of poison
 c - a scroll of summoning
 g - 8 scrolls of teleportation
 m - 6 scrolls of fear
 n - 7 scrolls of vulnerability
 r - 4 scrolls of blinking
 s - a scroll of torment
 u - 4 scrolls of noise
 w - 9 scrolls of identify
 y - 5 scrolls of enchant weapon
 D - 7 scrolls of amnesia
 E - 2 scrolls of enchant armour
 I - a scroll of silence
 L - 2 scrolls of fog
 R - 8 scrolls of immolation
 Y - a scroll of magic mapping
Potions
 e - 5 potions of attraction
 i - 11 potions of curing
 k - 7 potions of lignification
 l - 3 potions of brilliance
 v - 6 potions of magic
 F - 6 potions of resistance
 H - 2 potions of invisibility
 K - 2 potions of haste
 N - 3 potions of cancellation
 P - 2 potions of heal wounds
 V - 4 potions of flight
 W - a potion of berserk rage


   Skills:
 * Level 15.1 Fighting
 * Level 16.7 Maces & Flails
 * Level 15.7 Armour
 * Level 11.6 Dodging
 * Level 22.4 Shields
 * Level 13.0 Invocations


You had 19 spell levels left.
You didn't know any spells.
Your spell library contained the following spells:

 Spells                   Type           Power      Damage    Failure   Level
 Slow                     Hex            0%         N/A       97%         1
 Summon Small Mammal      Summ           0%         N/A       97%         1
 Ensorcelled Hibernation  Hex/Ice        0%         N/A       99%         2
 Call Canine Familiar     Summ           0%         N/A       100%        3
 Confusing Touch          Hex            0%         N/A       100%        3
 Dazzling Flash           Conj/Hex       0%         N/A       100%        3
 Ignite Poison            Fire/Tmut/Pois 0%         N/A       100%        3
 Mephitic Cloud           Conj/Pois/Air  0%         N/A       100%        3
 Ozocubu's Armour         Ice            0%         N/A       100%        3
 Spider Form              Tmut/Pois      0%         N/A       100%        3
 Summon Guardian Golem    Hex/Summ       0%         N/A       100%        3
 Vampiric Draining        Necr           0%         2d6       100%        3
 Anguish                  Hex/Necr       0%         N/A       100%        4
 Leda's Liquefaction      Hex/Erth       0%         N/A       100%        4
 Agony                    Necr           0%         N/A       100%        5
 Fireball                 Conj/Fire      0%         3d3       100%        5
 Freezing Cloud           Conj/Ice/Air   0%         6-21      100%        5
 Iskenderun's Battlesphe  Conj           0%         2d6       100%        5
 Lee's Rapid Deconstruct  Erth           0%         3d5*      100%        5
 Metabolic Englaciation   Hex/Ice        0%         N/A       100%        5
 Silence                  Hex/Air        0%         N/A       100%        5
 Yara's Violent Unravell  Hex/Tmut       0%         3d3       100%        5
 Iron Shot                Conj/Erth      0%         9d1       100%        6
 Simulacrum               Ice/Necr       0%         N/A       100%        6
 Malign Gateway           Summ/Tloc      0%         N/A       100%        7
 Orb of Destruction       Conj           0%         9d5       100%        7
 Spellforged Servitor     Conj/Summ      0%         N/A       100%        7
 Summon Horrible Things   Summ           0%         N/A       100%        8
 Statue Form              Tmut/Erth      Unusable   N/A       N/A         6

Dungeon Overview and Level Annotations

Branches:
Dungeon (15/15)            Temple (1/1) D:4            Lair (6/6) D:11
 Shoals (4/4) Lair:2        Snake (4/4) Lair:2        Slime (0/5) Lair:6
    Orc (2/2) D:10            Elf (2/3) Orc:2        Vaults (0/5) D:14
 Depths (0/4) D:15          IceCv (visited)

Altars:
Ashenzari
Cheibriados
Dithmenos
Elyvilon
Fedhas
Gozag
Hepliaklqana
Kikubaaqudgha
Makhleb
Nemelex Xobeh
Okawaru
Qazlal
Ru
Sif Muna
Trog
Uskayaw
Vehumet
Wu Jian
Xom
Yredelemnul
Zin
The Shining One
Beogh

Shops:
D:10 [   Orc:1 [(   Orc:2 [([!   Elf:1 [   Snake:1 (

Portals:
Trove: D:13 (give +8 demon blade)

Annotations:
Elf:1 1 runed translucent door


Innate Abilities, Weirdness & Mutations

You are immune to sickness and miasma.
Your stone body is resilient. (AC +15)
You are immune to poison.
Your large and strong wings let you fly.
You resist negative energy. (rN+)
You are resistant to electric shocks. (rElec)
You are resistant to unholy torment.
You are immune to petrification.
You are partially covered in iridescent scales. (AC +2)
[You are very clumsy. (Dex -4)]
[Armour fits poorly on your strangely shaped body.]
[You do not regenerate when monsters are visible.]


Message History

You block the large abomination's attack.
The thrashing horror tramples you but does no damage.
You block the thrashing horror's attack.
The thrashing horror tramples you but does no damage.
The thrashing horror tramples you.
* * * LOW HITPOINT WARNING * * *
You hold your ground!
The wretched star glows turbulently.
The lance of force is repelled.
The thrashing horror roars!
You block the thrashing horror's attack.
The thrashing horror tramples you but does no damage.
You block the thrashing horror's attack. x3
The thrashing horror tramples you but does no damage.
The thrashing horror completely misses you.
The thrashing horror tramples you but does no damage. x3
The large abomination barely misses you.
You completely miss the thrashing horror.
The thrashing horror is moderately damaged.
The thrashing horror roars!
You block the thrashing horror's attack. x2
The thrashing horror is engulfed in blazing flames.
You block the thrashing horror's attack.
The thrashing horror tramples you but does no damage.
The thrashing horror is engulfed in blazing flames.
A ynoxinul comes into view.
The large abomination hits you.
* * * LOW HITPOINT WARNING * * *
The thrashing horror tramples you but does no damage. x2
The thrashing horror roars!
The thrashing horror is engulfed in blazing flames.
You block the thrashing horror's attack. x2
The thrashing horror barely misses you.
You block the thrashing horror's attack.
The thrashing horror is engulfed in blazing flames.
The thrashing horror barely misses you.
The thrashing horror tramples you but does no damage.
The ynoxinul gestures.
The large abomination hits you!!
You die...

## #. .. .
#. #### . #
..#X.###
#.#.#XX#@##
#....##XXX#
#..#X*##
###....#3
#.
.#..###.. #
.#...# ##.#
#.#.. # ..
..#.#...#
.. ...###
..# # .


You could see a wretched star, 3 thrashing horrors, a large abomination and a
ynoxinul.

Vanquished Creatures
  A profane servitor (Abyss:3)
  A tentacled monstrosity (Shoals:1)
  A lich (Abyss:3)
  2 krakens (Shoals:1)
  Frances (Lair:2)
  6 tentacled starspawn (Abyss:3)
  Agnes (Snake:1)
  Donald (Snake:2)
  Roxanne (Snake:4)
  9 nagarajas
  A fenstrider witch (Shoals:4)
  Aizul (Snake:3)
  Louise (Shoals:2)
  2 orc warlords
  3 deep elf sorcerers (Elf:1)
  A caustic shrike zombie (Abyss:3)
  A reaper (Abyss:3)
  A very ugly thing (Abyss:3)
  Azrael (Orc:2)
  A deep elf annihilator (Elf:1)
  A dire elephant (Lair:6)
  A green death (Elf:1)
  A deep elf death mage (Elf:1)
  18 merfolk impalers
  9 merfolk javelineers
  A great orb of eyes (Shoals:1)
  7 salamander tyrants
  A boulder beetle (D:9)
  2 rakshasas (Abyss:3)
  An ice dragon (D:11)
  8 hydras
  An anaconda (shapeshifter) (Abyss:3)
  A catoblepas (Lair:6)
  3 alligator snapping turtles
  2 ogre magi
  A centaur warrior (D:14)
  6 anacondas
  4 merfolk avatars
  5 merfolk aquamancers
  18 dancing weapons
  10 two-headed ogres
  2 satyrs (Shoals:3)
  7 death yaks
  19 naga warriors
  2 tengu warriors (D:15)
  An orc high priest (Orc:2)
  A deep troll shaman (Lair:6)
  20 naga sharpshooters
  2 thrashing horrors (Abyss:3)
  7 shock serpents
  Urug (D:13)
  7 deep elf knights
  5 wretched stars (Abyss:3)
  A fire crab (Lair:6)
  4 salamander mystics
  5 skeletal warriors
  13 sea snakes
  A bog body (IceCv)
  3 wizards
  7 deep elf archers
  9 naga ritualists
  17 deep elf pyromancers
  5 mana vipers
  3 orc knights
  3 orc sorcerers (Orc:2)
  15 deep elf zephyrmancers
  19 harpies
  3 necromancers
  4 wolf spiders
  13 salamanders
  2 oklob plants (Snake:1)
  15 fauns
  6 ugly things
  18 manticores
  6 cyclopes
  Joseph (D:10)
  Maurice (D:11)
  8 elephants (Lair:6)
  33 black mambas
  6 merfolk sirens
  2 guardian serpents
  3 orange demons (Elf:1)
  26 naga magi
  2 ice statues (IceCv)
  2 centaur zombies (D:15)
  3 water nymphs
  A torpor snail (Lair:6)
  2 smoke demons (Abyss:3)
  19 cane toads
  An unseen horror (shapeshifter) (Abyss:3)
  A demonic crawler (Abyss:3)
  4 efreet
  4 rime drakes
  10 komodo dragons
  2 unseen horrors (D:11)
  Psyche (D:11)
  2 anaconda simulacra (IceCv)
  2 kobold demonologists (D:11)
  A gargoyle (D:12)
  The ghost of thewurscht the Covered, a novice GrFi (D:4)
  5 ice devils (IceCv)
  6 entropy weaver simulacra (IceCv)
  5 wind drakes
  2 ancient zymes (Abyss:3)
  29 merfolk
  3 meliai (D:13)
  The ghost of brujo666 the Quickloader, an amateur GnHu of Dithmenos (D:4)
  6 raiju (Abyss:3)
  A meliai (shapeshifter) (D:13)
  11 trolls
  A hornet (D:9)
  8 polar bears
  A polar bear (shapeshifter) (D:13)
  5 dream sheep
  5 slime creatures
  33 blink frogs
  11 snapping turtles
  2 centaur simulacra (D:15)
  A flying skull (Abyss:3)
  3 shadows
  2 dire elephant simulacra (IceCv)
  16 water elementals
  An air elemental (Elf:1)
  5 fire elementals
  2 wraiths
  71 yaks
  Grum (D:11)
  5 wyverns
  5 basilisks
  2 neqoxecs (Abyss:3)
  5 golden eyes (Abyss:3)
  4 chaos spawn (Abyss:3)
  6 steam dragons
  52 nagas
  7 wargs
  4 acid dragons
  3 hell hounds (Orc:2)
  20 water moccasins
  4 black bears
  An ice beast (D:6)
  32 orc warriors
  A sky beast (D:3)
  8 large abominations (Abyss:3)
  8 ogres
  The ghost of feta the Chopper, an amateur HOFi of Beogh (D:4)
  18 wolves
  4 centaurs
  3 kobold brigands
  5 scorpions
  13 bullfrogs
  A gnoll sergeant (D:10)
  4 small abominations (Abyss:3)
  A two-headed ogre simulacrum (IceCv)
  4 wights
  2 earth elementals
  3 elephant simulacra (IceCv)
  8 killer bees
  A howler monkey (D:9)
  3 electric eels
  A lava snake (Lair:4)
  25 starcursed masses (Abyss:3)
  A hound (D:6)
  A gnoll shaman (D:9)
  5 jellies
  22 orc priests
  3 iguanas
  2 iron imps (Abyss:3)
  27 orc wizards
  A polar bear simulacrum (IceCv)
  15 adders
  8 gnolls
  A white imp (D:7)
  An ufetubus (IceCv)
  A worm (D:2)
  2 dart slugs
  84 orcs
  5 bats
  12 endoplasms
  8 hobgoblins
  3 jackals
  2 quokkas (D:5)
  4 ball pythons
  2 frilled lizards
  5 goblins
  15 kobolds
  6 rats
  5 starspawn tentacles (Abyss:3)
  4 tentacles (Shoals:1)
1268 creatures vanquished.

Vanquished Creatures (collateral kills)
  Vashnia (Snake:1)
  2 nagarajas
  The ghost of flestrin the Imperceptible, an adept KoBe of Uskayaw (Snake:2)
  Erolcha (D:11)
  A rakshasa (Abyss:3)
  A naga warrior (Snake:4)
  A death yak (Lair:6)
  2 naga sharpshooters
  A thrashing horror (Abyss:3)
  A naga ritualist (Snake:2)
  A deep elf pyromancer (Elf:2)
  A salamander (Snake:1)
  An elephant (Lair:6)
  A black mamba (Snake:2)
  A torpor snail (Lair:6)
  A dream sheep (Lair:6)
  2 yaks (Lair:6)
  A chaos spawn (Abyss:3)
  3 vampire mosquitoes (D:14)
  A small abomination (Abyss:3)
25 creatures vanquished.

Vanquished Creatures (others)
  A merfolk javelineer (Shoals:4)
  A deep elf knight (Elf:2)
  A wizard (Abyss:3)
  A deep elf pyromancer (Elf:1)
  2 manticores (Shoals:1)
  A salamander (Snake:2)
  2 guardian serpents (Snake:3)
  An apocalypse crab (Shoals:1)
  A large abomination (Abyss:3)
  A naga (Snake:4)
  A killer bee (D:8)
  2 starcursed masses (Abyss:3)
  2 orcs (Orc:2)
  A bush (Lair:6)
  50 fungi
  128 plants
  18 starspawn tentacles (Abyss:3)
  11 tentacles (Shoals:1)
  4 withered plants (D:4)
229 creatures vanquished.

Grand Total: 1522 creatures vanquished

Notes
Turn   | Place    | Note
-------+----------+-------------------------------------------
     0 | D:1      | HotDog666 the Gargoyle Fighter began the quest for the Orb.
     0 | D:1      | Reached XP level 1. HP: 14/14 MP: 1/1
   231 | D:1      | Reached XP level 2. HP: 16/19 MP: 2/2
  1219 | D:2      | Reached XP level 3. HP: 21/23 MP: 3/3
  2200 | D:2      | Reached skill level 1 in Invocations
  2200 | D:2      | Reached XP level 4. HP: 27/29 MP: 4/4
  2925 | D:3      | Noticed a sky beast
  2950 | D:3      | Killed a sky beast
  2951 | D:3      | Reached skill level 1 in Dodging
  2951 | D:3      | Reached XP level 5. HP: 28/33 MP: 4/6
  3119 | D:4      | Noticed a +3 hand axe
  3120 | D:4      | Found a hide-covered altar of Uskayaw.
  3120 | D:4      | Noticed a +0 dagger
  3276 | D:4      | Found a staircase to the Ecumenical Temple.
  3338 | D:4      | Reached skill level 4 in Shields
  3338 | D:4      | Reached XP level 6. HP: 35/38 MP: 7/7
  3338 | D:4      | Upgraded the game from 0.29-a0-362-g5854e031c7 to
                  | 0.29-a0-378-gc08b2e8bf8
  3532 | D:4      | Found an ornate altar of the Wu Jian Council.
  3546 | D:4      | Found an ancient bone altar of Kikubaaqudgha.
  3563 | D:4      | Found a stormy altar of Qazlal.
  3566 | D:4      | Found an opulent altar of Gozag.
  3676 | Temple   | Entered the Ecumenical Temple
  4063 | D:4      | Became a worshipper of Qazlal Stormbringer
  4172 | D:4      | Found a runed translucent gate.
  4351 | D:4      | Found a runed translucent gate.
  4352 | D:4      | Found a runed translucent gate.
  4353 | D:4      | Noticed feta's ghost (amateur HOFi)
  4353 | D:4      | Noticed thewurscht's ghost (novice GrFi)
  4353 | D:4      | Noticed brujo666's ghost (amateur GnHu)
  4541 | D:5      | Entered Level 5 of the Dungeon
  5019 | D:5      | Reached XP level 7. HP: 40/44 MP: 8/8
  6070 | D:6      | Reached skill level 5 in Armour
  6187 | D:6      | Found a glowing silver altar of Zin.
  6206 | D:6      | Found a white marble altar of Elyvilon.
  6373 | D:6      | Reached skill level 5 in Maces & Flails
  6712 | D:6      | Found an iron altar of Okawaru.
  6852 | D:6      | Reached XP level 8. HP: 48/48 MP: 10/10
  7890 | D:7      | Reached skill level 5 in Fighting
  7897 | D:7      | Reached * piety under Qazlal
  8074 | D:7      | Reached skill level 5 in Shields
  8361 | D:7      | Identified the +0 robe of Zin's Displeasure {*Corrode Will+
                  | Regen+ Int+7}
  8812 | D:8      | Noticed a yak
  8814 | D:8      | Noticed a yak
  8814 | D:8      | Noticed a yak
  8814 | D:8      | Noticed a yak
  8815 | D:8      | Noticed a yak
  9064 | D:8      | Reached XP level 9. HP: 27/54 MP: 6/11
 11374 | D:9      | Found a basalt altar of Yredelemnul.
 11392 | D:9      | Reached skill level 6 in Shields
 11547 | D:9      | Found a glowing golden altar of the Shining One.
 11549 | D:9      | Noticed an angel
 11574 | D:9      | Reached XP level 10. HP: 60/60 MP: 13/13
 11683 | D:9      | Reached ** piety under Qazlal
 11951 | D:9      | Reached skill level 5 in Invocations
 12009 | D:9      | Noticed a boulder beetle
 12409 | D:9      | Killed a boulder beetle
 12993 | D:9      | Found a hazy altar of Hepliaklqana.
 13069 | D:9      | Found a sparkling altar of Nemelex Xobeh.
 13349 | D:10     | Entered Level 10 of the Dungeon
 13368 | D:10     | Found a staircase to the Orcish Mines.
 13368 | D:10     | Found Doefan's Armour Boutique.
 13479 | D:10     | Noticed Joseph
 13500 | D:10     | Killed Joseph
 13968 | D:10     | Reached skill level 7 in Shields
 14379 | D:10     | Found a burning altar of Makhleb.
 14440 | D:10     | Reached XP level 11. HP: 49/67 MP: 10/15
 14759 | D:10     | Noticed a two-headed ogre
 14804 | D:11     | Noticed Grum
 14831 | D:11     | Killed Grum
 14836 | D:11     | Identified a scroll of acquirement
 14836 | D:11     | Acquired the +2 buckler "Tufob" {rC++ Str+2}
 15038 | D:11     | Found a frozen archway.
 15041 | D:11     | Noticed an ice dragon
 15042 | D:11     | Reached *** piety under Qazlal
 15060 | D:11     | Reached skill level 10 in Maces & Flails
 15083 | D:11     | Killed an ice dragon
 15201 | IceCv    | Entered an ice cave
 15229 | IceCv    | Reached skill level 10 in Armour
 16045 | IceCv    | Noticed a white ugly thing
 16187 | IceCv    | Reached skill level 8 in Shields
 16293 | IceCv    | Killed a white ugly thing
 17087 | IceCv    | Noticed a necromancer
 17087 | IceCv    | Noticed a bog body
 17090 | IceCv    | Killed a bog body
 17091 | IceCv    | Reached XP level 12. HP: 73/73 MP: 16/16
 17098 | IceCv    | Reached skill level 5 in Dodging
 18285 | D:11     | Found a staircase to the Lair.
 18532 | D:11     | Noticed Maurice
 18562 | D:11     | Killed Maurice
 18563 | D:11     | Reached skill level 9 in Shields
 18689 | D:11     | Noticed Psyche
 18693 | D:11     | Killed Psyche
 19067 | D:11     | Noticed Erolcha
 20076 | Lair:1   | Entered Level 1 of the Lair of Beasts
 20348 | Lair:1   | Identified the +2 cloak of Qunaalah {rC- Int+2 Slay+2}
 20507 | Lair:1   | Reached skill level 10 in Shields
 20507 | Lair:1   | Reached XP level 13. HP: 65/80 MP: 13/18
 21316 | Lair:2   | Found a staircase to the Shoals.
 21483 | Lair:2   | Found a staircase to the Snake Pit.
 21487 | Lair:2   | Reached **** piety under Qazlal
 22701 | Lair:3   | Reached ***** piety under Qazlal
 22704 | Lair:3   | Reached skill level 11 in Shields
 24055 | Lair:4   | Gained mutation: Your large and strong wings let you fly.
                  | [Gargoyle growth]
 24055 | Lair:4   | Reached XP level 14. HP: 75/87 MP: 17/20
 24132 | Lair:4   | You are sucked into a shaft and drop 2 floors!
 24132 | Lair:6   | Entered Level 6 of the Lair of Beasts
 24143 | Lair:6   | Reached skill level 10 in Fighting
 24184 | Lair:6   | Reached skill level 12 in Shields
 24989 | Lair:6   | Found a staircase to the Slime Pits.
 25769 | Lair:5   | Reached skill level 13 in Shields
 26950 | Orc:1    | Entered Level 1 of the Orcish Mines
 26956 | Orc:1    | Noticed an orc warlord
 26969 | Orc:1    | Killed an orc warlord
 27567 | Orc:2    | Entered Level 2 of the Orcish Mines
 27685 | Orc:1    | Found Piho Omiru's Weapon Shoppe.
 27901 | Orc:1    | Found Eteroig's Armour Emporium.
 27909 | Orc:1    | Bought a +2 pair of boots for 264 gold pieces
 28138 | Orc:2    | Reached XP level 15. HP: 66/93 MP: 17/21
 28595 | Orc:2    | Found Fiovvaiv's Antique Armour Shop.
 28631 | Orc:2    | Found a shimmering altar of Xom.
 28639 | Orc:2    | Found a staircase to the Elven Halls.
 28806 | Orc:2    | Reached ****** piety under Qazlal
 28874 | Orc:2    | Noticed an orc warlord
 28891 | Orc:2    | Killed an orc warlord
 29210 | Orc:2    | Found Cizoriy's Antique Weapon Shop.
 29216 | Orc:2    | Found Uhinid's Antique Armour Boutique.
 29236 | Orc:2    | Bought a runed helmet for 225 gold pieces
 29592 | Orc:2    | Noticed Azrael
 29600 | Orc:2    | Found Edipabunog's Distillery.
 29606 | Orc:2    | Killed Azrael
 29939 | Orc:2    | Bought a potion of might for 72 gold pieces
 29939 | Orc:2    | Bought a potion of might for 72 gold pieces
 29939 | Orc:2    | Bought a potion of curing for 54 gold pieces
 29939 | Orc:2    | Bought a potion of heal wounds for 90 gold pieces
 29939 | Orc:2    | Bought a potion of curing for 54 gold pieces
 29939 | Orc:2    | Bought a potion of curing for 54 gold pieces
 30147 | D:11     | Killed Erolcha
 30505 | Lair:6   | Reached skill level 14 in Shields
 32034 | Lair:6   | Identified the +3 fustibalus "Sygarurph" {venom, rF++ Will+
                  | Int-4}
 32436 | D:13     | Noticed Urug
 32445 | D:13     | Killed Urug
 33262 | D:13     | Found a portal to a secret trove of treasure.
 34321 | D:14     | Reached skill level 10 in Invocations
 34364 | D:14     | Reached skill level 15 in Shields
 34409 | D:14     | Reached XP level 16. HP: 98/101 MP: 20/23
 34544 | D:14     | Found a gate to the Vaults.
 34701 | D:14     | Found an ornate altar of the Wu Jian Council.
 35016 | D:15     | Entered Level 15 of the Dungeon
 35128 | D:15     | Found a staircase to the Depths.
 35195 | D:15     | Found a shadowy altar of Dithmenos.
 36187 | Snake:1  | Entered Level 1 of the Snake Pit
 36466 | Snake:1  | Reached skill level 15 in Maces & Flails
 36813 | Snake:1  | Reached skill level 16 in Shields
 37011 | Snake:1  | Found Qecodul's Antique Weapon Boutique.
 37771 | Snake:2  | Noticed Vashnia
 37772 | Snake:2  | Noticed Agnes
 38253 | Snake:1  | Killed Agnes
 38447 | Snake:1  | Killed Vashnia
 38458 | Snake:1  | Reached XP level 17. HP: 36/108 MP: 3/25
 39079 | Orc:2    | Bought a fine plate armour for 840 gold pieces
 39079 | Orc:2    | Identified the +1 plate armour of the Battered Blessings
                  | {Regen+ Str+2 Dex-5} (You bought it in a shop on level 2 of
                  | the Orcish Mines)
 39393 | Snake:2  | Noticed Donald
 39407 | Snake:2  | Killed Donald
 39408 | Snake:2  | Reached skill level 17 in Shields
 39606 | Snake:2  | Noticed flestrin's ghost (adept KoBe)
 39610 | Snake:2  | Found a transporter.
 39624 | Snake:2  | Found a transporter.
 39653 | Snake:2  | Killed flestrin's ghost
 39959 | D:4      | Killed feta's ghost
 39978 | D:4      | Killed thewurscht's ghost
 39983 | D:4      | Killed brujo666's ghost
 41072 | Snake:3  | Reached skill level 18 in Shields
 41179 | Snake:3  | Gained mutation: You have hidden genetic defects. [potion
                  | of mutation]
 41179 | Snake:3  | Gained mutation: Your mind is acute. (Int +2) [potion of
                  | mutation]
 41180 | Snake:3  | Lost mutation: Your mind is acute. (Int +2) [potion of
                  | mutation]
 41180 | Snake:3  | Lost mutation: You have hidden genetic defects. [potion of
                  | mutation]
 41180 | Snake:3  | Gained mutation: You have large cloven feet. [potion of
                  | mutation]
 41180 | Snake:3  | Gained mutation: Your mind is acute. (Int +2) [potion of
                  | mutation]
 41180 | Snake:3  | Gained mutation: [You are clumsy. (Dex -2)] [potion of
                  | mutation]
 41180 | Snake:3  | Gained mutation: You are robust. (+10% HP) [potion of
                  | mutation]
 41183 | Snake:3  | Lost mutation: You have large cloven feet. [potion of
                  | mutation]
 41183 | Snake:3  | Lost mutation: Your mind is acute. (Int +2) [potion of
                  | mutation]
 41183 | Snake:3  | Gained mutation: You are partially covered in iridescent
                  | scales. (AC +2) [potion of mutation]
 41214 | Snake:3  | Noticed Aizul
 41231 | Snake:3  | Killed Aizul
 41670 | Shoals:1 | Entered Level 1 of the Shoals
 41741 | Shoals:1 | Paralysed by a great orb of eyes for 3 turns
 41756 | Shoals:1 | Noticed Frances
 41762 | Shoals:1 | Reached XP level 18. HP: 61/126 MP: 2/26
 41788 | Lair:2   | Killed Frances
 42111 | Shoals:1 | You are sucked into a shaft and drop 1 floor!
 42379 | Shoals:1 | Noticed a tentacled monstrosity
 42398 | Shoals:1 | Killed a tentacled monstrosity
 42399 | Shoals:1 | Reached skill level 19 in Shields
 42416 | Shoals:1 | Got Amoexel's Volume of Mad Ravings
 42419 | Shoals:1 | Identified the ring of Vueme {*Corrode rElec rC+ Int+6
                  | Dex+4}
 42744 | Shoals:2 | Noticed Louise
 42761 | Shoals:2 | Cast into level 3 of the Abyss (Louise)
 42783 | Shoals:2 | Escaped the Abyss
 42885 | Shoals:2 | Killed Louise
 43978 | Shoals:3 | Reached skill level 10 in Dodging
 44863 | Shoals:4 | Entered Level 4 of the Shoals
 44867 | Shoals:4 | Reached skill level 15 in Armour
 44899 | Shoals:4 | Reached skill level 20 in Shields
 45182 | Shoals:4 | Got a barnacled rune of Zot
 45266 | Shoals:4 | Reached XP level 19. HP: 133/133 MP: 28/28
 46121 | Shoals:4 | Paralysed by a fenstrider witch for 5 turns
 46408 | Snake:4  | Entered Level 4 of the Snake Pit
 46967 | Snake:4  | Reached skill level 21 in Shields
 49595 | Snake:4  | Got a serpentine rune of Zot
 49665 | Snake:4  | Noticed Roxanne
 49699 | Snake:4  | Killed Roxanne
 50238 | Elf:1    | Entered Level 1 of the Elven Halls
 50238 | Elf:1    | Found a runed translucent gate.
 50238 | Elf:1    | Found a runed translucent gate.
 50238 | Elf:1    | Found a runed translucent gate.
 50238 | Elf:1    | Found a runed translucent gate.
 50238 | Elf:1    | Found a runed translucent gate.
 50238 | Elf:1    | Found a runed translucent gate.
 50339 | Elf:1    | Found a runed translucent door.
 50342 | Elf:1    | Cast into level 3 of the Abyss (a deep elf sorcerer)
 50342 | Abyss:3  | Found a runed translucent gate.
 50342 | Abyss:3  | Found a runed translucent gate.
 50342 | Abyss:3  | Found a runed translucent gate.
 50349 | Abyss:3  | Found a corrupted altar of Lugonu.
 50484 | Abyss:3  | Lost mutation: You are robust. (+10% HP) [a neqoxec]
 50624 | Abyss:3  | Noticed a profane servitor
 50662 | Abyss:3  | Killed a profane servitor
 50746 | Elf:1    | Escaped the Abyss
 50794 | Elf:1    | Found a runed translucent door.
 51329 | Elf:1    | Reached XP level 20. HP: 128/128 MP: 29/29
 51629 | Elf:1    | Found Moocewk's Antique Armour Shoppe.
 52030 | Elf:1    | Paralysed by an air elemental for 1 turns
 52035 | Elf:1    | Paralysed by an air elemental for 1 turns
 52038 | Elf:1    | Reached skill level 22 in Shields
 52118 | Elf:1    | Reached skill level 15 in Fighting
 52321 | Elf:1    | Got the Handbook of Combat Magic and Beguiling
 53002 | Elf:2    | Found a runed translucent gate.
 53003 | Elf:2    | Found a runed translucent gate.
 53003 | Elf:2    | Found a runed translucent gate.
 53072 | Elf:2    | Cast into level 3 of the Abyss (+0 trident of distortion)
 53391 | Abyss:3  | Paralysed by accursed screaming for 1 turns
 53396 | Abyss:3  | Found a corrupted altar of Lugonu.
 53511 | Abyss:3  | Slain by a large abomination

Illustrated notes

Levels and vault maps discovered:
D:1:      shiori_arrival_maze, layout_basic, minmay_pentomino_v2
D:2:      wander_river, layout_loops_cross, chequers_decorated_corner
D:3:      layout_basic, kennysheep_generic_room_13
D:4:      layout_loops_corners, grunt_temple_overflow_cloverleaf,
          dancing_weapons_uskayaw, temple_doors_cd, gammafunk_ghost_cemetery
D:5:      layout_basic
D:6:      layout_loops_ring, elyvilon_altar_5, okawaru_gym_becter,
          overflow_temple_1_default, roderic_malta_cross, minmay_statues_item,
          serial_bayou_pond_c, chequers_serial_rivers_large_b,
          kennysheep_generic_room_12
D:7:      layout_basic
D:8:      layout_gridville
D:9:      layout_irregular_city, grunt_temple_overflow_holy_war,
          mainiacjoe_overflow_catch_the_wave, minmay_fractal_squares_diagonal_5
D:10:     layout_gridville, lightli_temple_of_fire, orc_david_3, uniq_joseph
D:11:     layout_irregular_city, erik_lair_orcish_takeover,
          portal_ice_cave_entry_animals_and_master, uniq_maurice, uniq_grum,
          uniq_psyche, uniq_erolcha
D:12:     layout_roguey, minivault_22
D:13:     layout_layer_cave, nicolae_trove_entry_isolated, uniq_urug
D:14:     layout_irregular_city, david_vaults_1,
          pdpol_wu_jian_five_deadly_venoms
D:15:     grunt_enter_depths_magical_seal, layout_irregular_city,
          nicolae_dithmenos_the_darkroom
Temple:   compressed_dpeg_triangle_lava_temple
Lair:1:   minmay_lair_venomous_thicket, layout_chaotic_city
Lair:2:   layout_loops_ring, elwin_shoals_entry_rooms,
          guppyfry_snake_entry_island, guppyfry_lair_drakes
Lair:3:   layout_hall_layers, cheibrodos_lair_lostbears
Lair:4:   layout_gridlike, serial_bayou_lake_a, infiniplex_staircase_pool
Lair:5:   layout_regular_city, grunt_megastairs_4
Lair:6:   grunt_lair_end_beastmaster, layout_regular_city,
          minmay_slime_entry_pillars, grunt_megastairs_3
Shoals:1: dreamdust_from_the_deep, layout_shoals,
          nicolae_shoals_square_sea_wall, uniq_frances
Shoals:2: layout_shoals, uniq_louise
Shoals:3: layout_shoals, nicolae_shoals_pincushion_passage
Shoals:4: shoals_end_simple, layout_shoals,
          nicolae_shoals_beach_house_on_fowls_legs
Snake:1:  dpeg_oklob_gauntlet, layout_grid_maze, serial_shops,
          nicolae_shop_stone
Snake:2:  layout_onion, gammafunk_ghost_arena, uniq_donald, uniq_agnes,
          uniq_vashnia
Snake:3:  nicolae_aizul_guard, layout_rooms, grunt_megastairs_2
Snake:4:  snake_pit, layout_chambers, uniq_roxanne
Orc:1:    layout_caves, serial_shops, shop_statue, shop_fountains,
          nicolae_orc_lost_temple
Orc:2:    grunt_orc_community_town_hall, layout_caves,
          grunt_orc_community_big_house_1, grunt_orc_community_big_house_1,
          grunt_orc_community_house_2, grunt_orc_community_house_3,
          grunt_orc_community_house_2, grunt_orc_community_house_3,
          grunt_orc_community_house_2, basic_altar, uniq_azrael
Elf:1:    nicolae_elf_arrival_dilemma, layout_geoelf_grid, serial_shops,
          nicolae_lakefront_shop, minmay_elf_crystal_heptagon,
          dreamdust_princess_bridge, einodemon_barbed_minivault
Elf:2:    nicolae_elf_blades_crystal_corner, layout_geoelf_grid, uniq_aizul
Abyss:3:  base: D:8, base: Depths:4, evilmike_abyss_exit_plants,
          abyss_greek_temple, hangedman_abyss_town, hangedman_abyss_town, base:
          Desolation, hangedman_abyss_or_decor_passed, hangedman_abyss_shoalhut

Skill      XL: |  1  2  3  4  5  6  7  8  9 10 11 12 13 14 15 16 17 18 19 20 |
---------------+-------------------------------------------------------------+-----
Invocations    | 1 2 3 4 5 6 7 8 9 10 11 12 13 | 13.0
Armour         | 4 5 6 8 9 10 11 12 13 14 15 | 15.7
Maces & Flails | 3 4 5 6 8 9 11 12 13 14 15 16 | 16.7
Fighting       | 4 5 6 7 8 9 10 11 12 13 14 15 | 15.1
Dodging        | 1 2 3 4 5 6 7 8 9 10 11 | 11.6
Shields        | 4 5 6 7 8 10 11 13 15 16 18 20 21 22 | 22.4

Action                   |  1- 3 |  4- 6 |  7- 9 | 10-12 | 13-15 | 16-18 | 19-21 || total
-------------------------+-------+-------+-------+-------+-------+-------+-------++-------
Melee: Flail             |   110 |   169 |   203 |   837 |  1339 |  1767 |  1419 ||  5844
       Whip              |       |    50 |    69 |       |       |       |       ||   119
Invok: Upheaval          |       |       |       |     7 |     5 |     6 |     2 ||    20
       Elemental Force   |       |       |       |       |     4 |     2 |     3 ||     9
       Disaster Area     |       |       |       |       |     1 |     5 |     6 ||    12
Evoke: Phial of floods   |       |       |       |       |     1 |       |       ||     1
       Wand              |       |       |       |       |     2 |       |       ||     2
  Use: Scroll            |       |     7 |     7 |     9 |     9 |     4 |    10 ||    46
       Potion            |       |       |       |     8 |       |     5 |    15 ||    28
Armor: Scale mail        |    72 |    31 |       |       |       |       |       ||   103
       Chain mail        |       |   136 |   237 |   538 |   635 |   211 |       ||  1757
       Plate armour      |       |       |       |       |       |   584 |   781 ||  1365
Dodge: Dodged            |    40 |    73 |   128 |   389 |   720 |   918 |   384 ||  2652
       Repelled          |       |       |       |       |     2 |    43 |    32 ||    77
Block: Buckler           |    20 |    52 |   105 |   509 |  1160 |   432 |       ||  2278
       Tower shield      |       |       |       |       |       |  1958 |  2099 ||  4057
       Kite shield       |       |       |       |       |       |    99 |       ||    99
       Reflection        |       |       |       |       |       |     2 |       ||     2

Table legend: (Time is in decaauts)
 A = Elapsed time spent in this place.
 B = Non-inter-level travel time spent in this place.
 C = Inter-level travel time spent in this place.
 D = Time resting spent in this place.
 E = Time spent auto-exploring this place.
 F = Levels seen in this place.
 G = Mean time per level.
                   A        B        C        D        E       F      G
               +--------+--------+--------+--------+--------+-----+--------+
         Total |  52668 |  49674 |   2994 |  15940 |  23438 |  39 | 1350.5 |
       Dungeon |  22250 |  20626 |   1624 |   5806 |  11539 |  15 | 1483.3 |
        Temple |    297 |    297 |      0 |      0 |    250 |   1 |  297.0 |
          Lair |   8977 |   8357 |    620 |   2481 |   4486 |   6 | 1496.2 |
        Shoals |   4200 |   4047 |    153 |    358 |   2257 |   4 | 1050.0 |
     Snake Pit |   7732 |   7383 |    349 |   3218 |   2465 |   4 | 1933.0 |
  Orcish Mines |   3049 |   2828 |    221 |   1183 |   1047 |   2 | 1524.5 |
   Elven Halls |   2374 |   2350 |     24 |    562 |   1124 |   2 | 1187.0 |
         Abyss |    774 |    774 |      0 |    117 |      0 |   4 |  193.5 |
      Ice Cave |   3011 |   3011 |      0 |   2215 |    270 |   1 | 3011.0 |
               +--------+--------+--------+--------+--------+-----+--------+

Top non-repeatable levels by time:
 Snake:4: 3551 daAuts
   IceCv: 3011 daAuts
     D:7: 2809 daAuts
 Snake:1: 2650 daAuts
   Orc:2: 2268 daAuts
    D:10: 2230 daAuts
  Lair:5: 1998 daAuts
    D:11: 1895 daAuts
  Lair:6: 1872 daAuts
    D:13: 1864 daAuts
   Elf:1: 1807 daAuts
     D:8: 1731 daAuts
     D:9: 1721 daAuts
     D:4: 1628 daAuts
  Lair:3: 1612 daAuts
